[ AOE2 MATCH · #463559824 ]
Team RMHuns vs Magyars
[ REPLAY ANALYSIS · EXTRACTED FROM THE RECORDED GAME ]
Feudal
12:32
Castle
17:12
Imperial
34:14
| APM avg | 28.5 |
| APM peak | 77 |
| eAPM avg | 15.9 |
| Villagers / military | 146 / 254 |
Focus
⚔️ 24.6% · 🌾 75.4%
Knight ×132 · Tarkan ×122 · Trade Cart ×16
Feudal
12:53
Castle
18:15
Imperial
27:30
| APM avg | 32.0 |
| APM peak | 82 |
| eAPM avg | 18.2 |
| Villagers / military | 111 / 136 |
Focus
⚔️ 31.3% · 🌾 68.7%
Conquistador ×87 · Spearman ×37 · Bombard Cannon ×4 · Trebuchet (Packed) ×4 · Knight ×2 · Monk ×1
Feudal
10:33
Castle
14:22
Imperial
31:43
| APM avg | 18.4 |
| APM peak | 36 |
| eAPM avg | 15.7 |
| Villagers / military | 174 / 271 |
Focus
⚔️ 39.4% · 🌾 60.6%
Camel Scout ×139 · Mangudai ×37 · Battering Ram ×27 · Scorpion ×26 · Scout Cavalry ×17 · Skirmisher ×12
Feudal
12:09
Castle
16:04
Imperial
29:34
| APM avg | 21.6 |
| APM peak | 64 |
| eAPM avg | 12.9 |
| Villagers / military | 119 / 483 |
Focus
⚔️ 38.5% · 🌾 61.5%
Knight ×161 · Spearman ×152 · Scout Cavalry ×95 · Throwing Axeman ×49 · Hand Cannoneer ×20 · Trade Cart ×13
Feudal
9:47
Castle
17:28
Imperial
30:52
| APM avg | 42.4 |
| APM peak | 96 |
| eAPM avg | 21.9 |
| Villagers / military | 119 / 371 |
Focus
⚔️ 57.2% · 🌾 42.8%
Spearman ×307 · Boyar ×47 · Battering Ram ×8 · Trebuchet (Packed) ×7 · Mangonel ×2
Feudal
12:51
Castle
16:21
Imperial
29:56
| APM avg | 27.2 |
| APM peak | 87 |
| eAPM avg | 14.3 |
| Villagers / military | 107 / 330 |
Focus
⚔️ 30.1% · 🌾 69.9%
Spearman ×129 · Archer ×74 · Trade Cart ×56 · Knight ×40 · Scout Cavalry ×40 · Longbowman ×37
Feudal
18:25
Castle
22:05
Imperial
26:58
| APM avg | 12.9 |
| APM peak | 41 |
| eAPM avg | 10.6 |
| Villagers / military | 246 / 255 |
Focus
⚔️ 27.6% · 🌾 72.4%
Spearman ×154 · Hand Cannoneer ×82 · Bombard Cannon ×17 · Mangonel ×2
Feudal
13:32
Castle
18:28
Imperial
33:41
| APM avg | 18.1 |
| APM peak | 42 |
| eAPM avg | 11.3 |
| Villagers / military | 158 / 456 |
Focus
⚔️ 34.6% · 🌾 65.4%
Knight ×253 · Magyar Huszar ×91 · Scout Cavalry ×68 · Archer ×41 · Trade Cart ×6 · Trebuchet (Packed) ×3
Match map
Initial resources + every placement click. Lines = walls · curves = elevation contours. ◆ gold · ⬟ stone · ● berries · ✦ relic · ◌ wall gap
Inputs per minute
— YourDuality2! - - danielfns
Build order — YourDuality2!
First 150 of 375 actions detected
| 0:01 | Create | Villager (Male) |
| 0:01 | Create | Villager (Male) |
| 0:02 | Create | Villager (Male) |
| 0:02 | Create | Villager (Male) |
| 1:39 | Create | Villager (Male) |
| 2:12 | Create | Villager (Male) |
| 2:13 | Create | Villager (Male) |
| 2:35 | Create | Villager (Male) |
| 2:35 | Create | Villager (Male) |
| 2:35 | Create | Villager (Male) |
| 2:56 | Create | Villager (Male) |
| 3:41 | Create | Villager (Male) |
| 3:41 | Create | Villager (Male) |
| 3:55 | Create | Villager (Male) |
| 3:55 | Create | Villager (Male) |
| 4:20 | Create | Villager (Male) |
| 4:55 | Create | Villager (Male) |
| 4:55 | Create | Villager (Male) |
| 5:12 | Build | Lumber Camp |
| 5:18 | Build | Mill |
| 5:23 | Research | Loom |
| 5:24 | Create | Villager (Male) |
| 6:36 | Create | Villager (Male) |
| 6:36 | Create | Villager (Male) |
| 7:01 | Create | Villager (Male) |
| 7:01 | Create | Villager (Male) |
| 7:02 | Create | Villager (Male) |
| 7:02 | Create | Villager (Male) |
| 10:22 | Research | Feudal Age |
| 12:32 | Age | Feudal Age |
| 12:40 | Create | Villager (Male) |
| 12:40 | Create | Villager (Male) |
| 12:54 | Research | Horse Collar |
| 12:57 | Research | Double-Bit Axe |
| 13:07 | Build | Market |
| 13:15 | Build | Blacksmith |
| 13:19 | Create | Villager (Male) |
| 13:20 | Create | Villager (Male) |
| 13:27 | Build | Mining Camp |
| 14:32 | Research | Castle Age |
| 14:32 | Research | Castle Age |
| 15:00 | Build | Mining Camp |
| 15:02 | Research | Stone Mining |
| 17:12 | Age | Castle Age |
| 17:23 | Create | Villager (Male) |
| 17:24 | Create | Villager (Male) |
| 17:24 | Create | Villager (Male) |
| 17:36 | Build | Town Center |
| 17:57 | Create | Villager (Male) |
| 18:23 | Build | Farm |
| 18:23 | Build | Farm |
| 18:24 | Build | Farm |
| 18:24 | Build | Farm |
| 18:25 | Build | Farm |
| 18:27 | Build | Farm |
| 18:47 | Build | Town Center |
| 18:58 | Build | Farm |
| 19:23 | Build | Farm |
| 19:33 | Build | Farm |
| 19:34 | Create | Villager (Male) |
| 19:34 | Create | Villager (Male) |
| 20:08 | Create | Villager (Male) |
| 20:09 | Create | Villager (Male) |
| 20:09 | Create | Villager (Male) |
| 20:12 | Build | Farm |
| 20:15 | Build | Farm |
| 20:33 | Create | Villager (Male) |
| 20:33 | Create | Villager (Male) |
| 20:45 | Create | Villager (Male) |
| 20:45 | Create | Villager (Male) |
| 20:48 | Build | Farm |
| 21:17 | Create | Villager (Male) |
| 21:17 | Create | Villager (Male) |
| 21:20 | Build | Farm |
| 21:31 | Create | Villager (Male) |
| 21:31 | Create | Villager (Male) |
| 21:49 | Create | Villager (Male) |
| 21:49 | Create | Villager (Male) |
| 21:55 | Build | Castle |
| 22:00 | Create | Villager (Male) |
| 22:05 | Build | Farm |
| 22:09 | Build | Farm |
| 22:11 | Create | Villager (Male) |
| 22:12 | Create | Villager (Male) |
| 22:14 | Build | Farm |
| 22:18 | Build | Farm |
| 22:21 | Build | Farm |
| 22:33 | Create | Villager (Male) |
| 22:33 | Create | Villager (Male) |
| 22:34 | Create | Villager (Male) |
| 22:38 | Build | Farm |
| 22:39 | Create | Villager (Male) |
| 22:39 | Create | Villager (Male) |
| 22:50 | Build | Farm |
| 23:03 | Build | Farm |
| 23:14 | Create | Villager (Male) |
| 23:14 | Create | Villager (Male) |
| 23:15 | Create | Villager (Male) |
| 23:15 | Create | Villager (Male) |
| 23:24 | Create | Villager (Male) |
| 23:37 | Build | Mining Camp |
| 23:40 | Create | Tarkan |
| 23:40 | Create | Tarkan |
| 23:47 | Create | Villager (Male) |
| 23:47 | Create | Villager (Male) |
| 23:47 | Create | Villager (Male) |
| 23:50 | Build | Farm |
| 23:55 | Create | Villager (Male) |
| 23:55 | Create | Villager (Male) |
| 24:04 | Create | Villager (Male) |
| 24:15 | Create | Villager (Male) |
| 24:15 | Create | Villager (Male) |
| 24:15 | Create | Villager (Male) |
| 24:24 | Create | Villager (Male) |
| 24:35 | Build | Farm |
| 24:36 | Create | Villager (Male) |
| 24:40 | Build | Farm |
| 24:41 | Create | Villager (Male) |
| 25:01 | Create | Villager (Male) |
| 25:01 | Create | Villager (Male) |
| 25:01 | Create | Villager (Male) |
| 25:09 | Build | Farm |
| 25:09 | Build | Farm |
| 25:10 | Build | Farm |
| 25:25 | Create | Villager (Male) |
| 25:26 | Create | Villager (Male) |
| 25:26 | Create | Villager (Male) |
| 25:26 | Create | Villager (Male) |
| 25:28 | Create | Villager (Male) |
| 25:36 | Create | Villager (Male) |
| 25:51 | Create | Villager (Male) |
| 25:52 | Create | Villager (Male) |
| 25:52 | Create | Villager (Male) |
| 26:03 | Create | Villager (Male) |
| 26:03 | Create | Villager (Male) |
| 26:22 | Create | Villager (Male) |
| 26:22 | Create | Villager (Male) |
| 26:22 | Create | Villager (Male) |
| 26:25 | Create | Villager (Male) |
| 26:48 | Build | Farm |
| 26:48 | Build | Farm |
| 26:48 | Build | Farm |
| 26:49 | Build | Farm |
| 26:49 | Build | Farm |
| 26:49 | Build | Farm |
| 26:50 | Build | Farm |
| 26:50 | Build | Farm |
| 26:50 | Build | Farm |
| 26:51 | Create | Villager (Male) |
| 26:51 | Create | Villager (Male) |
Build order — danielfns
First 150 of 356 actions detected
| 1:11 | Create | Villager (Male) |
| 1:11 | Create | Villager (Male) |
| 1:11 | Create | Villager (Male) |
| 1:12 | Create | Villager (Male) |
| 1:13 | Build | House |
| 1:14 | Build | House |
| 2:49 | Create | Villager (Male) |
| 3:22 | Create | Villager (Male) |
| 3:47 | Create | Villager (Male) |
| 3:47 | Create | Villager (Male) |
| 4:27 | Build | Lumber Camp |
| 4:46 | Create | Villager (Male) |
| 4:57 | Create | Villager (Male) |
| 5:46 | Create | Villager (Male) |
| 5:46 | Create | Villager (Male) |
| 5:46 | Create | Villager (Male) |
| 5:46 | Create | Villager (Male) |
| 6:22 | Create | Villager (Male) |
| 6:22 | Create | Villager (Male) |
| 6:36 | Create | Villager (Male) |
| 6:41 | Build | House |
| 6:44 | Research | Loom |
| 6:53 | Build | House |
| 7:41 | Create | Villager (Male) |
| 8:12 | Build | Mill |
| 8:38 | Create | Villager (Male) |
| 8:38 | Create | Villager (Male) |
| 9:04 | Create | Villager (Male) |
| 9:14 | Create | Villager (Male) |
| 9:14 | Create | Villager (Male) |
| 10:22 | Research | Feudal Age |
| 10:26 | Build | Mining Camp |
| 11:23 | Build | Farm |
| 11:28 | Build | Farm |
| 11:30 | Build | Farm |
| 11:33 | Build | Farm |
| 12:13 | Build | House |
| 12:52 | Create | Villager (Male) |
| 12:53 | Age | Feudal Age |
| 13:12 | Build | Market |
| 13:17 | Build | Blacksmith |
| 13:30 | Create | Villager (Male) |
| 13:33 | Build | Farm |
| 13:41 | Create | Villager (Male) |
| 13:57 | Create | Villager (Male) |
| 14:12 | Build | Farm |
| 14:13 | Create | Villager (Male) |
| 14:29 | Build | Farm |
| 14:33 | Build | Farm |
| 14:41 | Build | Farm |
| 14:49 | Build | Farm |
| 14:54 | Research | Castle Age |
| 15:06 | Create | Villager (Male) |
| 15:09 | Research | Double-Bit Axe |
| 15:20 | Build | House |
| 15:25 | Build | House |
| 15:29 | Research | Castle Age |
| 15:46 | Build | House |
| 16:00 | Build | Barracks |
| 16:12 | Research | Gold Mining |
| 16:25 | Research | Horse Collar |
| 16:44 | Create | Spearman |
| 16:53 | Build | House |
| 17:36 | Build | House |
| 17:40 | Create | Spearman |
| 18:03 | Create | Villager (Male) |
| 18:15 | Age | Castle Age |
| 18:19 | Build | Town Center |
| 18:40 | Build | Monastery |
| 18:46 | Create | Villager (Male) |
| 18:47 | Create | Villager (Male) |
| 18:56 | Build | Farm |
| 19:18 | Create | Monk |
| 19:36 | Build | House |
| 19:39 | Create | Villager (Male) |
| 19:39 | Create | Villager (Male) |
| 19:41 | Research | Loom |
| 20:05 | Build | House |
| 20:09 | Create | Villager (Male) |
| 20:11 | Build | Farm |
| 20:19 | Create | Villager (Male) |
| 20:22 | Create | Villager (Male) |
| 20:29 | Build | Town Center |
| 20:40 | Create | Villager (Male) |
| 20:40 | Create | Villager (Male) |
| 20:58 | Create | Villager (Male) |
| 20:58 | Create | Villager (Male) |
| 21:13 | Create | Villager (Male) |
| 21:13 | Create | Villager (Male) |
| 21:28 | Create | Villager (Male) |
| 21:33 | Build | House |
| 21:36 | Create | Villager (Male) |
| 22:03 | Build | Siege Workshop |
| 22:53 | Create | Villager (Male) |
| 22:53 | Create | Villager (Male) |
| 23:12 | Create | Villager (Male) |
| 23:12 | Create | Villager (Male) |
| 23:16 | Build | Farm |
| 23:20 | Build | Farm |
| 23:20 | Build | Farm |
| 23:20 | Build | Farm |
| 23:30 | Build | Farm |
| 23:30 | Build | Farm |
| 23:31 | Build | Farm |
| 23:38 | Build | House |
| 24:07 | Build | Farm |
| 24:20 | Research | Imperial Age |
| 24:30 | Research | Wheelbarrow |
| 24:59 | Research | Stone Mining |
| 25:09 | Build | House |
| 25:13 | Build | House |
| 25:14 | Build | House |
| 25:16 | Build | House |
| 25:48 | Build | University |
| 25:54 | Create | Villager (Male) |
| 25:54 | Create | Villager (Male) |
| 26:15 | Research | Bow Saw |
| 26:25 | Build | Lumber Camp |
| 26:57 | Create | Villager (Male) |
| 26:57 | Create | Villager (Male) |
| 27:00 | Build | Farm |
| 27:00 | Build | Farm |
| 27:30 | Age | Imperial Age |
| 27:36 | Research | Chemistry |
| 27:40 | Build | House |
| 28:23 | Build | Castle |
| 28:45 | Create | Villager (Male) |
| 28:45 | Create | Villager (Male) |
| 28:45 | Create | Villager (Male) |
| 29:15 | Build | Stable |
| 29:25 | Build | Stable |
| 29:27 | Build | Barracks |
| 29:31 | Create | Conquistador |
| 29:31 | Create | Conquistador |
| 29:31 | Create | Conquistador |
| 29:32 | Create | Conquistador |
| 29:32 | Create | Conquistador |
| 29:32 | Create | Conquistador |
| 29:32 | Create | Conquistador |
| 29:33 | Create | Conquistador |
| 29:37 | Create | Trebuchet (Packed) |
| 29:38 | Create | Trebuchet (Packed) |
| 29:50 | Create | Villager (Male) |
| 29:58 | Create | Villager (Male) |
| 29:59 | Create | Villager (Male) |
| 30:00 | Create | Villager (Male) |
| 30:01 | Create | Villager (Male) |
| 30:05 | Build | Mining Camp |
| 30:22 | Create | Bombard Cannon |
| 30:23 | Create | Conquistador |
Build order — thegladiator989
First 150 of 588 actions detected
| 0:03 | Create | Villager (Male) |
| 0:06 | Build | House |
| 0:08 | Build | House |
| 0:19 | Create | Villager (Male) |
| 0:19 | Create | Villager (Male) |
| 0:19 | Create | Villager (Male) |
| 0:19 | Create | Villager (Male) |
| 0:20 | Create | Villager (Male) |
| 0:38 | Build | House |
| 1:37 | Create | Villager (Male) |
| 2:05 | Create | Villager (Male) |
| 2:32 | Create | Villager (Male) |
| 2:32 | Create | Villager (Male) |
| 2:32 | Create | Villager (Male) |
| 2:51 | Create | Villager (Male) |
| 2:52 | Create | Villager (Male) |
| 3:13 | Create | Villager (Male) |
| 3:13 | Create | Villager (Male) |
| 3:33 | Create | Villager (Male) |
| 3:34 | Create | Villager (Male) |
| 3:51 | Create | Villager (Male) |
| 3:52 | Create | Villager (Male) |
| 4:25 | Create | Villager (Male) |
| 4:41 | Create | Villager (Male) |
| 5:00 | Create | Villager (Male) |
| 5:27 | Create | Villager (Male) |
| 5:34 | Build | House |
| 5:50 | Create | Villager (Male) |
| 6:00 | Build | Lumber Camp |
| 6:17 | Create | Villager (Male) |
| 6:47 | Create | Villager (Male) |
| 6:52 | Build | Mill |
| 7:00 | Create | Villager (Male) |
| 7:54 | Create | Villager (Male) |
| 8:06 | Build | Mining Camp |
| 8:16 | Research | Feudal Age |
| 10:33 | Age | Feudal Age |
| 10:40 | Build | Blacksmith |
| 10:42 | Research | Wheelbarrow |
| 10:46 | Build | Market |
| 11:27 | Build | House |
| 11:36 | Research | Castle Age |
| 12:09 | Research | Double-Bit Axe |
| 12:48 | Research | Horse Collar |
| 14:01 | Build | House |
| 14:07 | Create | Villager (Male) |
| 14:10 | Create | Villager (Male) |
| 14:22 | Age | Castle Age |
| 14:27 | Build | Monastery |
| 14:39 | Build | Town Center |
| 14:47 | Build | Farm |
| 14:48 | Build | Farm |
| 14:50 | Build | Farm |
| 14:52 | Build | Farm |
| 14:54 | Build | Farm |
| 14:55 | Build | Farm |
| 15:02 | Create | Villager (Male) |
| 15:08 | Build | Farm |
| 15:13 | Create | Monk |
| 15:15 | Build | House |
| 15:19 | Create | Monk |
| 15:25 | Build | Farm |
| 15:29 | Create | Villager (Male) |
| 15:31 | Create | Villager (Male) |
| 15:40 | Build | House |
| 15:45 | Research | Fervor |
| 15:55 | Build | Farm |
| 15:57 | Create | Villager (Male) |
| 16:12 | Create | Villager (Male) |
| 16:16 | Build | House |
| 16:27 | Build | Farm |
| 16:31 | Create | Villager (Male) |
| 16:36 | Build | Farm |
| 16:38 | Create | Villager (Male) |
| 16:48 | Build | House |
| 16:58 | Build | Farm |
| 17:08 | Create | Monk |
| 17:10 | Create | Villager (Male) |
| 17:10 | Create | Villager (Male) |
| 17:22 | Build | Farm |
| 17:24 | Build | House |
| 17:26 | Build | House |
| 17:28 | Create | Villager (Male) |
| 17:34 | Create | Villager (Male) |
| 17:56 | Build | Farm |
| 18:09 | Create | Villager (Male) |
| 18:10 | Create | Villager (Male) |
| 18:15 | Build | Farm |
| 18:16 | Create | Villager (Male) |
| 18:24 | Create | Villager (Male) |
| 18:34 | Build | Town Center |
| 18:42 | Build | Farm |
| 18:48 | Create | Villager (Male) |
| 18:51 | Create | Villager (Male) |
| 19:17 | Build | Farm |
| 19:18 | Create | Villager (Male) |
| 19:19 | Create | Villager (Male) |
| 19:19 | Create | Villager (Male) |
| 19:19 | Create | Villager (Male) |
| 19:20 | Create | Villager (Male) |
| 19:31 | Create | Villager (Male) |
| 19:45 | Create | Villager (Male) |
| 19:48 | Build | Farm |
| 19:58 | Create | Villager (Male) |
| 19:59 | Create | Villager (Male) |
| 20:03 | Build | Farm |
| 20:05 | Create | Villager (Male) |
| 20:05 | Create | Villager (Male) |
| 20:06 | Create | Villager (Male) |
| 20:13 | Build | Farm |
| 20:23 | Create | Villager (Male) |
| 20:23 | Create | Villager (Male) |
| 20:26 | Build | Farm |
| 20:35 | Build | Farm |
| 20:45 | Build | Farm |
| 20:50 | Create | Villager (Male) |
| 20:51 | Create | Villager (Male) |
| 20:51 | Create | Villager (Male) |
| 21:00 | Build | Farm |
| 21:02 | Create | Villager (Male) |
| 21:02 | Create | Villager (Male) |
| 21:03 | Create | Villager (Male) |
| 21:03 | Create | Villager (Male) |
| 21:05 | Build | Farm |
| 21:29 | Build | Farm |
| 21:30 | Create | Villager (Male) |
| 21:31 | Create | Villager (Male) |
| 21:31 | Create | Villager (Male) |
| 21:31 | Create | Villager (Male) |
| 21:54 | Build | Farm |
| 21:56 | Create | Villager (Male) |
| 21:56 | Create | Villager (Male) |
| 21:56 | Create | Villager (Male) |
| 21:56 | Create | Villager (Male) |
| 22:01 | Research | Heavy Plow |
| 22:21 | Research | Loom |
| 22:37 | Create | Villager (Male) |
| 22:37 | Create | Villager (Male) |
| 22:52 | Build | Farm |
| 22:56 | Create | Villager (Male) |
| 22:57 | Create | Villager (Male) |
| 22:57 | Create | Villager (Male) |
| 22:57 | Create | Villager (Male) |
| 23:06 | Build | Town Center |
| 23:08 | Create | Villager (Male) |
| 23:09 | Create | Villager (Male) |
| 23:09 | Create | Villager (Male) |
| 23:09 | Create | Villager (Male) |
| 23:10 | Create | Villager (Male) |
| 23:14 | Build | Farm |
Build order — oskiura
First 150 of 475 actions detected
| 0:03 | Build | House |
| 0:04 | Build | House |
| 0:05 | Create | Villager (Male) |
| 0:05 | Create | Villager (Male) |
| 0:05 | Create | Villager (Male) |
| 0:05 | Create | Villager (Male) |
| 0:06 | Create | Villager (Male) |
| 1:30 | Create | Villager (Male) |
| 1:30 | Create | Villager (Male) |
| 1:56 | Build | Lumber Camp |
| 2:16 | Create | Villager (Male) |
| 2:16 | Create | Villager (Male) |
| 2:17 | Create | Villager (Male) |
| 2:33 | Create | Villager (Male) |
| 2:33 | Create | Villager (Male) |
| 2:33 | Create | Villager (Male) |
| 2:54 | Create | Villager (Male) |
| 2:54 | Create | Villager (Male) |
| 2:54 | Create | Villager (Male) |
| 3:21 | Create | Villager (Male) |
| 3:21 | Create | Villager (Male) |
| 3:37 | Build | House |
| 4:22 | Create | Villager (Male) |
| 4:22 | Create | Villager (Male) |
| 4:22 | Create | Villager (Male) |
| 4:30 | Build | Mill |
| 4:38 | Create | Villager (Male) |
| 4:38 | Create | Villager (Male) |
| 5:23 | Create | Villager (Male) |
| 5:24 | Create | Villager (Male) |
| 6:24 | Build | House |
| 6:29 | Create | Villager (Male) |
| 6:30 | Create | Villager (Male) |
| 6:30 | Create | Villager (Male) |
| 6:30 | Create | Villager (Male) |
| 6:36 | Build | House |
| 7:46 | Create | Villager (Male) |
| 7:46 | Create | Villager (Male) |
| 8:14 | Build | Mining Camp |
| 8:44 | Create | Villager (Male) |
| 8:45 | Create | Villager (Male) |
| 8:47 | Research | Loom |
| 8:47 | Research | Feudal Age |
| 12:09 | Age | Feudal Age |
| 12:13 | Create | Villager (Male) |
| 12:13 | Create | Villager (Male) |
| 12:18 | Build | Market |
| 12:23 | Build | Blacksmith |
| 12:30 | Research | Double-Bit Axe |
| 13:00 | Build | House |
| 13:02 | Build | House |
| 13:24 | Research | Castle Age |
| 14:47 | Build | Farm |
| 14:48 | Build | Farm |
| 14:49 | Build | Farm |
| 14:50 | Build | Farm |
| 14:51 | Build | Farm |
| 14:53 | Build | Farm |
| 14:54 | Build | Farm |
| 14:55 | Build | Farm |
| 16:04 | Age | Castle Age |
| 16:08 | Build | Town Center |
| 16:11 | Build | Town Center |
| 16:17 | Build | Monastery |
| 16:20 | Build | Farm |
| 16:21 | Build | Farm |
| 16:23 | Research | Wheelbarrow |
| 16:51 | Create | Monk |
| 17:05 | Build | Barracks |
| 17:11 | Create | Villager (Male) |
| 17:12 | Create | Villager (Male) |
| 17:22 | Create | Villager (Male) |
| 17:22 | Create | Villager (Male) |
| 17:30 | Build | Farm |
| 17:44 | Create | Villager (Male) |
| 17:44 | Create | Villager (Male) |
| 17:44 | Create | Villager (Male) |
| 17:48 | Create | Spearman |
| 17:48 | Create | Spearman |
| 18:05 | Create | Villager (Male) |
| 18:05 | Create | Villager (Male) |
| 18:05 | Create | Villager (Male) |
| 18:05 | Create | Villager (Male) |
| 18:09 | Build | Farm |
| 18:11 | Build | Farm |
| 18:17 | Create | Spearman |
| 18:23 | Create | Villager (Male) |
| 18:28 | Build | Farm |
| 18:33 | Create | Villager (Male) |
| 18:45 | Build | Farm |
| 18:49 | Build | Farm |
| 19:00 | Create | Villager (Male) |
| 19:01 | Create | Villager (Male) |
| 19:16 | Build | Mining Camp |
| 19:33 | Build | House |
| 19:35 | Build | House |
| 19:40 | Build | Lumber Camp |
| 19:42 | Create | Villager (Male) |
| 19:42 | Create | Villager (Male) |
| 19:42 | Create | Villager (Male) |
| 19:42 | Create | Villager (Male) |
| 19:59 | Create | Monk |
| 20:18 | Create | Villager (Male) |
| 20:19 | Create | Villager (Male) |
| 20:19 | Create | Villager (Male) |
| 20:36 | Build | House |
| 20:37 | Build | House |
| 20:41 | Create | Villager (Male) |
| 20:41 | Create | Villager (Male) |
| 20:41 | Create | Villager (Male) |
| 20:44 | Build | House |
| 20:45 | Build | House |
| 20:45 | Build | House |
| 20:47 | Build | House |
| 20:48 | Build | House |
| 21:20 | Create | Villager (Male) |
| 21:20 | Create | Villager (Male) |
| 21:21 | Create | Villager (Male) |
| 21:21 | Create | Villager (Male) |
| 21:30 | Build | Farm |
| 21:40 | Build | Farm |
| 21:41 | Build | Farm |
| 21:46 | Build | Farm |
| 21:48 | Build | Farm |
| 21:50 | Build | Farm |
| 21:55 | Build | Farm |
| 21:56 | Build | Farm |
| 21:59 | Build | Farm |
| 22:01 | Build | Farm |
| 22:05 | Build | Farm |
| 22:54 | Create | Villager (Male) |
| 22:54 | Create | Villager (Male) |
| 22:55 | Create | Villager (Male) |
| 22:55 | Create | Villager (Male) |
| 22:55 | Create | Villager (Male) |
| 22:56 | Create | Villager (Male) |
| 23:16 | Build | Mining Camp |
| 23:30 | Create | Villager (Male) |
| 23:30 | Create | Villager (Male) |
| 23:30 | Create | Villager (Male) |
| 23:30 | Create | Villager (Male) |
| 23:30 | Create | Villager (Male) |
| 23:36 | Build | House |
| 23:37 | Build | House |
| 23:38 | Build | House |
| 23:40 | Build | House |
| 23:41 | Build | House |
| 23:47 | Research | Gold Mining |
| 24:03 | Create | Villager (Male) |
| 24:03 | Create | Villager (Male) |
Build order — Ratchet08
First 150 of 647 actions detected
| 0:02 | Create | Villager (Male) |
| 0:02 | Create | Villager (Male) |
| 0:02 | Create | Villager (Male) |
| 0:03 | Create | Villager (Male) |
| 0:03 | Create | Villager (Male) |
| 0:05 | Build | House |
| 0:07 | Build | House |
| 1:30 | Create | Villager (Male) |
| 1:57 | Create | Villager (Male) |
| 2:28 | Create | Villager (Male) |
| 2:28 | Create | Villager (Male) |
| 2:38 | Create | Villager (Male) |
| 2:54 | Build | House |
| 3:02 | Create | Villager (Male) |
| 3:14 | Create | Villager (Male) |
| 3:33 | Create | Villager (Male) |
| 4:21 | Create | Villager (Male) |
| 4:30 | Build | Lumber Camp |
| 4:43 | Create | Villager (Male) |
| 4:58 | Build | House |
| 5:04 | Create | Villager (Male) |
| 5:40 | Create | Villager (Male) |
| 6:08 | Create | Villager (Male) |
| 6:19 | Build | Mill |
| 6:40 | Create | Villager (Male) |
| 7:11 | Create | Villager (Male) |
| 7:15 | Research | Feudal Age |
| 7:36 | Create | Villager (Male) |
| 8:05 | Create | Villager (Male) |
| 8:41 | Build | House |
| 8:45 | Build | House |
| 8:51 | Build | House |
| 9:32 | Create | Villager (Male) |
| 9:47 | Age | Feudal Age |
| 9:49 | Research | Double-Bit Axe |
| 10:09 | Build | Lumber Camp |
| 10:16 | Create | Villager (Male) |
| 10:33 | Build | Mining Camp |
| 10:39 | Create | Villager (Male) |
| 11:00 | Build | Barracks |
| 11:22 | Create | Villager (Male) |
| 11:36 | Build | Blacksmith |
| 11:50 | Create | Villager (Male) |
| 12:11 | Build | Market |
| 12:19 | Create | Villager (Male) |
| 12:26 | Build | Mining Camp |
| 12:29 | Create | Villager (Male) |
| 12:49 | Build | House |
| 12:54 | Build | House |
| 13:03 | Create | Spearman |
| 13:04 | Create | Spearman |
| 13:09 | Create | Spearman |
| 13:19 | Create | Villager (Male) |
| 13:23 | Create | Villager (Male) |
| 13:34 | Build | Farm |
| 13:36 | Build | Farm |
| 13:55 | Build | Farm |
| 14:16 | Build | Farm |
| 14:21 | Create | Villager (Male) |
| 14:48 | Research | Castle Age |
| 14:53 | Build | Farm |
| 15:28 | Research | Horse Collar |
| 16:09 | Build | Farm |
| 16:16 | Research | Loom |
| 16:18 | Create | Villager (Male) |
| 16:44 | Create | Spearman |
| 17:14 | Create | Spearman |
| 17:28 | Age | Castle Age |
| 17:38 | Build | Town Center |
| 17:44 | Research | Bow Saw |
| 18:25 | Build | Castle |
| 18:30 | Create | Villager (Male) |
| 18:30 | Create | Villager (Male) |
| 18:44 | Create | Villager (Male) |
| 18:49 | Build | House |
| 18:50 | Build | House |
| 19:10 | Research | Squires |
| 19:18 | Create | Villager (Male) |
| 19:22 | Create | Villager (Male) |
| 19:31 | Build | Farm |
| 19:32 | Build | Farm |
| 19:33 | Build | Farm |
| 19:35 | Build | Farm |
| 19:55 | Build | Farm |
| 19:57 | Create | Villager (Male) |
| 20:08 | Build | Town Center |
| 20:26 | Create | Villager (Male) |
| 20:27 | Create | Villager (Male) |
| 20:46 | Build | Barracks |
| 20:51 | Create | Villager (Male) |
| 20:51 | Create | Villager (Male) |
| 20:51 | Create | Villager (Male) |
| 21:12 | Create | Villager (Male) |
| 21:12 | Create | Villager (Male) |
| 21:12 | Create | Villager (Male) |
| 21:12 | Create | Villager (Male) |
| 21:12 | Create | Villager (Male) |
| 21:13 | Create | Villager (Male) |
| 21:13 | Create | Villager (Male) |
| 21:49 | Build | Building 487 |
| 21:54 | Build | Stone Wall |
| 21:58 | Create | Villager (Male) |
| 21:58 | Create | Villager (Male) |
| 21:58 | Create | Villager (Male) |
| 21:58 | Create | Villager (Male) |
| 21:58 | Create | Villager (Male) |
| 22:08 | Build | Mill |
| 22:10 | Build | Farm |
| 22:10 | Build | Farm |
| 22:11 | Build | Farm |
| 22:16 | Create | Villager (Male) |
| 22:19 | Build | Farm |
| 22:25 | Create | Villager (Male) |
| 22:43 | Create | Spearman |
| 22:43 | Create | Spearman |
| 22:54 | Create | Villager (Male) |
| 22:54 | Create | Villager (Male) |
| 23:04 | Build | Farm |
| 23:06 | Build | Farm |
| 23:08 | Build | Farm |
| 23:11 | Build | Farm |
| 23:12 | Build | Farm |
| 23:13 | Create | Villager (Male) |
| 23:14 | Create | Villager (Male) |
| 23:26 | Create | Villager (Male) |
| 23:26 | Create | Villager (Male) |
| 23:26 | Create | Villager (Male) |
| 23:43 | Build | Mining Camp |
| 24:01 | Create | Villager (Male) |
| 24:02 | Create | Villager (Male) |
| 24:02 | Create | Villager (Male) |
| 24:12 | Create | Villager (Male) |
| 24:12 | Create | Villager (Male) |
| 24:28 | Create | Villager (Male) |
| 24:41 | Build | Mill |
| 24:42 | Build | Farm |
| 24:43 | Build | Farm |
| 24:45 | Build | Farm |
| 24:48 | Build | Farm |
| 24:52 | Create | Villager (Male) |
| 24:53 | Create | Villager (Male) |
| 24:53 | Create | Villager (Male) |
| 24:53 | Create | Villager (Male) |
| 25:11 | Build | Farm |
| 25:12 | Build | Farm |
| 25:13 | Build | Farm |
| 25:17 | Build | Farm |
| 25:18 | Create | Villager (Male) |
| 25:19 | Create | Villager (Male) |
| 25:19 | Create | Villager (Male) |
Build order — Luxury¬°¬°¬°
First 150 of 408 actions detected
| 0:02 | Create | Villager (Male) |
| 0:03 | Create | Villager (Male) |
| 0:03 | Create | Villager (Male) |
| 0:03 | Create | Villager (Male) |
| 0:04 | Build | House |
| 0:06 | Build | House |
| 1:33 | Create | Villager (Male) |
| 1:33 | Create | Villager (Male) |
| 1:54 | Create | Villager (Male) |
| 1:54 | Create | Villager (Male) |
| 2:10 | Create | Villager (Male) |
| 2:10 | Create | Villager (Male) |
| 2:43 | Build | Lumber Camp |
| 3:02 | Build | House |
| 3:21 | Create | Villager (Male) |
| 3:22 | Create | Villager (Male) |
| 3:23 | Create | Villager (Male) |
| 3:23 | Create | Villager (Male) |
| 3:47 | Create | Villager (Male) |
| 3:48 | Create | Villager (Male) |
| 3:48 | Create | Villager (Male) |
| 4:04 | Build | Mill |
| 5:35 | Build | House |
| 5:38 | Create | Villager (Male) |
| 5:39 | Create | Villager (Male) |
| 5:49 | Create | Villager (Male) |
| 5:50 | Create | Villager (Male) |
| 5:50 | Create | Villager (Male) |
| 7:46 | Create | Villager (Male) |
| 7:46 | Create | Villager (Male) |
| 7:52 | Build | House |
| 8:30 | Create | Villager (Male) |
| 8:44 | Create | Villager (Male) |
| 9:21 | Create | Villager (Male) |
| 9:31 | Build | Mining Camp |
| 9:38 | Create | Villager (Male) |
| 10:01 | Create | Villager (Male) |
| 10:04 | Research | Feudal Age |
| 10:33 | Build | Farm |
| 10:36 | Build | Farm |
| 10:39 | Build | Farm |
| 10:41 | Build | Farm |
| 11:22 | Build | Farm |
| 11:28 | Create | Villager (Male) |
| 11:29 | Create | Villager (Male) |
| 12:00 | Build | Farm |
| 12:06 | Build | Farm |
| 12:10 | Build | Farm |
| 12:16 | Build | Farm |
| 12:32 | Build | Lumber Camp |
| 12:51 | Build | Farm |
| 12:51 | Age | Feudal Age |
| 12:56 | Build | Market |
| 12:59 | Build | Blacksmith |
| 13:28 | Research | Double-Bit Axe |
| 13:40 | Research | Castle Age |
| 13:47 | Build | Lumber Camp |
| 14:07 | Build | House |
| 14:09 | Build | House |
| 14:15 | Build | House |
| 14:58 | Create | Villager (Male) |
| 14:58 | Create | Villager (Male) |
| 15:02 | Research | Horse Collar |
| 15:05 | Research | Gold Mining |
| 15:13 | Build | Barracks |
| 15:15 | Build | House |
| 16:21 | Age | Castle Age |
| 16:24 | Build | Town Center |
| 16:27 | Build | Town Center |
| 16:33 | Create | Villager (Male) |
| 16:39 | Research | Bow Saw |
| 16:47 | Build | House |
| 17:18 | Build | Farm |
| 17:28 | Create | Villager (Male) |
| 17:33 | Create | Villager (Male) |
| 17:34 | Create | Villager (Male) |
| 18:03 | Create | Villager (Male) |
| 18:10 | Create | Villager (Male) |
| 18:15 | Create | Villager (Male) |
| 18:15 | Create | Villager (Male) |
| 18:15 | Create | Villager (Male) |
| 18:16 | Create | Villager (Male) |
| 18:16 | Create | Villager (Male) |
| 18:17 | Create | Villager (Male) |
| 18:17 | Create | Villager (Male) |
| 18:24 | Build | Archery Range |
| 18:41 | Create | Villager (Male) |
| 18:41 | Create | Villager (Male) |
| 18:41 | Create | Villager (Male) |
| 18:46 | Build | Farm |
| 19:04 | Build | Archery Range |
| 19:22 | Build | Monastery |
| 19:25 | Build | House |
| 19:26 | Build | House |
| 19:27 | Create | Villager (Male) |
| 19:28 | Create | Villager (Male) |
| 19:28 | Create | Villager (Male) |
| 19:28 | Create | Villager (Male) |
| 19:33 | Build | Farm |
| 19:35 | Build | Farm |
| 19:41 | Build | Farm |
| 19:46 | Build | Farm |
| 19:50 | Build | Farm |
| 19:53 | Build | Farm |
| 19:54 | Create | Villager (Male) |
| 19:54 | Create | Villager (Male) |
| 19:54 | Create | Villager (Male) |
| 20:02 | Create | Archer |
| 20:02 | Create | Archer |
| 20:07 | Create | Archer |
| 20:26 | Create | Villager (Male) |
| 20:26 | Create | Villager (Male) |
| 20:26 | Create | Villager (Male) |
| 20:34 | Create | Monk |
| 20:34 | Create | Monk |
| 21:23 | Create | Villager (Male) |
| 21:24 | Create | Villager (Male) |
| 21:24 | Create | Villager (Male) |
| 21:24 | Create | Villager (Male) |
| 21:35 | Create | Villager (Male) |
| 21:35 | Create | Villager (Male) |
| 21:35 | Create | Villager (Male) |
| 21:52 | Build | Archery Range |
| 21:52 | Create | Villager (Male) |
| 21:53 | Create | Villager (Male) |
| 21:53 | Create | Villager (Male) |
| 21:58 | Build | House |
| 21:59 | Build | House |
| 22:17 | Build | Mining Camp |
| 22:45 | Create | Villager (Male) |
| 22:45 | Create | Villager (Male) |
| 22:46 | Create | Villager (Male) |
| 22:46 | Create | Villager (Male) |
| 22:46 | Create | Villager (Male) |
| 22:46 | Create | Villager (Male) |
| 23:06 | Build | Farm |
| 23:06 | Build | Farm |
| 23:06 | Build | Farm |
| 23:07 | Build | Farm |
| 23:07 | Build | Farm |
| 23:07 | Build | Farm |
| 23:07 | Build | Farm |
| 23:34 | Research | Crossbowman (upgrade) |
| 23:36 | Create | Archer |
| 23:36 | Create | Archer |
| 23:38 | Create | Villager (Male) |
| 23:38 | Create | Villager (Male) |
| 23:39 | Create | Villager (Male) |
| 23:40 | Create | Villager (Male) |
| 23:46 | Build | Farm |
Build order — BALROG
First 150 of 334 actions detected
| 0:06 | Create | Villager (Male) ×4 |
| 0:12 | Build | House |
| 0:17 | Build | House |
| 0:18 | Build | House |
| 2:02 | Create | Villager (Male) |
| 2:02 | Create | Villager (Male) |
| 2:02 | Create | Villager (Male) |
| 2:40 | Create | Villager (Male) |
| 3:06 | Create | Villager (Male) |
| 3:31 | Create | Villager (Male) |
| 3:31 | Create | Villager (Male) |
| 3:31 | Create | Villager (Male) |
| 3:50 | Build | Mill |
| 4:01 | Create | Villager (Male) |
| 4:01 | Create | Villager (Male) |
| 4:24 | Create | Villager (Male) |
| 4:24 | Create | Villager (Male) |
| 4:53 | Create | Villager (Male) |
| 4:53 | Create | Villager (Male) |
| 4:53 | Create | Villager (Male) |
| 4:54 | Research | Loom |
| 5:49 | Create | Villager (Male) ×3 |
| 5:56 | Build | House |
| 6:05 | Create | Villager (Male) |
| 6:05 | Create | Villager (Male) |
| 6:05 | Create | Villager (Male) |
| 6:32 | Create | Villager (Male) |
| 7:18 | Create | Villager (Male) |
| 7:18 | Create | Villager (Male) |
| 7:18 | Create | Villager (Male) |
| 7:19 | Create | Villager (Male) |
| 7:45 | Build | Lumber Camp |
| 8:52 | Build | Mining Camp |
| 9:17 | Build | House |
| 9:25 | Create | Villager (Male) |
| 9:26 | Create | Villager (Male) |
| 9:26 | Create | Villager (Male) |
| 9:26 | Create | Villager (Male) |
| 9:26 | Create | Villager (Male) |
| 9:44 | Build | House |
| 9:46 | Build | House |
| 9:47 | Build | House |
| 9:49 | Build | House |
| 11:18 | Build | Lumber Camp |
| 11:47 | Build | Farm |
| 11:53 | Build | House |
| 11:54 | Build | House |
| 11:56 | Build | House |
| 11:58 | Build | House |
| 11:59 | Build | House |
| 12:10 | Create | Villager (Male) |
| 12:10 | Create | Villager (Male) |
| 12:11 | Create | Villager (Male) |
| 12:11 | Create | Villager (Male) |
| 12:11 | Create | Villager (Male) |
| 12:12 | Create | Villager (Male) |
| 12:12 | Create | Villager (Male) |
| 13:03 | Build | Farm |
| 13:24 | Build | House |
| 13:26 | Build | House |
| 13:27 | Build | House |
| 13:28 | Build | House |
| 13:30 | Build | House |
| 13:31 | Build | House |
| 13:42 | Build | Farm |
| 13:47 | Build | Farm |
| 13:55 | Build | Farm |
| 14:00 | Build | Farm |
| 14:09 | Build | Farm |
| 14:16 | Build | Farm |
| 14:29 | Build | Farm |
| 14:35 | Build | Farm |
| 14:57 | Build | Farm |
| 15:05 | Build | Farm |
| 15:10 | Build | Farm |
| 15:36 | Research | Feudal Age |
| 16:02 | Create | Villager (Male) |
| 16:02 | Create | Villager (Male) |
| 16:49 | Build | House |
| 16:50 | Build | House |
| 16:50 | Build | House |
| 16:59 | Build | House |
| 17:00 | Build | House |
| 17:04 | Build | House |
| 17:06 | Build | House |
| 17:07 | Build | House |
| 17:10 | Build | House |
| 17:18 | Build | Mining Camp |
| 17:26 | Build | Mining Camp |
| 18:25 | Age | Feudal Age |
| 18:27 | Build | Market |
| 18:33 | Build | Blacksmith |
| 18:49 | Research | Double-Bit Axe |
| 19:02 | Create | Villager (Male) |
| 19:02 | Create | Villager (Male) |
| 19:11 | Research | Gold Mining |
| 19:24 | Research | Castle Age |
| 19:27 | Create | Villager (Male) |
| 19:28 | Create | Villager (Male) |
| 20:33 | Build | Stone Wall |
| 20:47 | Research | Horse Collar |
| 20:51 | Create | Villager (Male) |
| 21:41 | Build | Lumber Camp |
| 22:05 | Age | Castle Age |
| 22:18 | Build | University |
| 22:43 | Build | Town Center |
| 22:57 | Build | Monastery |
| 23:03 | Create | Villager (Male) |
| 23:07 | Research | Bow Saw |
| 23:27 | Build | Town Center |
| 23:48 | Research | Imperial Age |
| 23:58 | Research | Heavy Plow |
| 24:15 | Build | Siege Workshop |
| 24:20 | Create | Villager (Male) ×5 |
| 24:29 | Create | Villager (Male) |
| 24:42 | Create | Villager (Male) ×5 |
| 24:42 | Create | Villager (Male) ×5 |
| 24:48 | Build | Farm |
| 24:48 | Build | Farm |
| 24:49 | Build | Farm |
| 24:49 | Build | Farm |
| 24:49 | Build | Farm |
| 24:50 | Build | Farm |
| 24:50 | Build | Farm |
| 25:13 | Create | Villager (Male) ×2 |
| 25:20 | Build | Farm |
| 25:39 | Create | Mangonel |
| 25:57 | Create | Villager (Male) ×2 |
| 25:57 | Create | Villager (Male) ×2 |
| 26:08 | Create | Mangonel |
| 26:26 | Build | Stone Wall |
| 26:32 | Create | Villager (Male) ×3 |
| 26:42 | Build | Farm |
| 26:42 | Build | Farm |
| 26:43 | Build | Farm |
| 26:43 | Build | Farm |
| 26:43 | Build | Farm |
| 26:43 | Build | Farm |
| 26:44 | Build | Farm |
| 26:44 | Build | Farm |
| 26:54 | Build | Farm |
| 26:58 | Age | Imperial Age |
| 27:02 | Create | Villager (Male) ×2 |
| 27:02 | Create | Villager (Male) ×2 |
| 27:36 | Research | Chemistry |
| 27:56 | Create | Villager (Male) ×3 |
| 27:57 | Create | Villager (Male) |
| 28:20 | Create | Villager (Male) ×2 |
| 28:20 | Create | Villager (Male) ×2 |
| 28:43 | Create | Villager (Male) ×3 |
Build order — ayelenborre
First 150 of 409 actions detected
| 0:04 | Create | Villager (Male) |
| 0:05 | Research | Loom |
| 0:05 | Create | Villager (Male) |
| 0:08 | Build | House |
| 0:11 | Build | House |
| 0:46 | Create | Villager (Male) |
| 0:46 | Create | Villager (Male) |
| 0:47 | Create | Villager (Male) |
| 2:00 | Create | Villager (Male) |
| 2:00 | Create | Villager (Male) |
| 2:00 | Create | Villager (Male) |
| 2:00 | Create | Villager (Male) |
| 2:19 | Create | Villager (Male) |
| 2:20 | Create | Villager (Male) |
| 3:03 | Create | Villager (Male) |
| 3:03 | Create | Villager (Male) |
| 3:04 | Create | Villager (Male) |
| 3:20 | Create | Villager (Male) |
| 3:20 | Create | Villager (Male) |
| 3:28 | Build | Lumber Camp |
| 4:11 | Create | Villager (Male) |
| 4:12 | Create | Villager (Male) |
| 4:12 | Create | Villager (Male) |
| 4:25 | Build | House |
| 4:45 | Create | Villager (Male) |
| 4:46 | Create | Villager (Male) |
| 5:43 | Create | Villager (Male) |
| 5:44 | Create | Villager (Male) |
| 5:44 | Create | Villager (Male) |
| 6:35 | Build | House |
| 6:48 | Create | Villager (Male) |
| 6:48 | Create | Villager (Male) |
| 6:55 | Build | Mill |
| 7:09 | Create | Villager (Male) |
| 7:10 | Create | Villager (Male) |
| 7:10 | Create | Villager (Male) |
| 7:10 | Create | Villager (Male) |
| 7:30 | Create | Villager (Male) |
| 7:30 | Create | Villager (Male) |
| 7:30 | Create | Villager (Male) |
| 8:06 | Create | Villager (Male) |
| 8:06 | Create | Villager (Male) |
| 9:15 | Build | House |
| 10:03 | Create | Villager (Male) |
| 10:04 | Create | Villager (Male) |
| 11:22 | Research | Feudal Age |
| 12:31 | Build | Farm |
| 12:33 | Build | Farm |
| 12:36 | Build | Farm |
| 12:56 | Build | Mining Camp |
| 13:01 | Build | Farm |
| 13:03 | Build | Farm |
| 13:06 | Build | Farm |
| 13:10 | Build | Farm |
| 13:12 | Build | Farm |
| 13:32 | Age | Feudal Age |
| 13:48 | Build | Blacksmith |
| 14:01 | Create | Villager (Male) |
| 14:02 | Create | Villager (Male) |
| 14:08 | Research | Horse Collar |
| 14:10 | Research | Double-Bit Axe |
| 14:11 | Research | Double-Bit Axe |
| 14:33 | Build | Market |
| 14:40 | Build | House |
| 14:53 | Build | Farm |
| 15:10 | Build | House |
| 15:13 | Build | House |
| 15:48 | Research | Castle Age |
| 16:01 | Build | Barracks |
| 16:20 | Build | Stone Wall |
| 16:46 | Build | Farm |
| 17:04 | Research | Gold Mining |
| 17:56 | Build | Stable |
| 17:57 | Build | Stable |
| 18:28 | Age | Castle Age |
| 18:33 | Build | Town Center |
| 18:38 | Create | Villager (Male) ×5 |
| 18:50 | Create | Knight |
| 18:51 | Create | Knight |
| 18:51 | Create | Knight |
| 18:54 | Research | Husbandry |
| 19:47 | Build | Monastery |
| 19:56 | Build | University |
| 20:03 | Create | Villager (Male) |
| 20:03 | Create | Villager (Male) |
| 20:14 | Create | Knight |
| 20:14 | Create | Knight |
| 20:21 | Create | Villager (Male) ×4 |
| 20:21 | Create | Villager (Male) ×4 |
| 20:30 | Build | Farm |
| 20:32 | Build | Farm |
| 20:34 | Build | Farm |
| 20:35 | Build | Farm |
| 20:45 | Create | Villager (Male) |
| 20:45 | Create | Villager (Male) |
| 20:52 | Create | Villager (Male) |
| 21:56 | Build | House |
| 21:59 | Build | House |
| 22:00 | Build | House |
| 22:17 | Create | Villager (Male) |
| 22:18 | Create | Villager (Male) |
| 22:18 | Create | Villager (Male) |
| 22:18 | Create | Villager (Male) |
| 22:19 | Create | Villager (Male) |
| 23:16 | Research | Bloodlines |
| 23:19 | Research | Scale Barding Armor |
| 23:27 | Create | Villager (Male) |
| 23:27 | Create | Villager (Male) |
| 23:27 | Create | Villager (Male) |
| 23:28 | Create | Villager (Male) |
| 24:08 | Create | Villager (Male) |
| 24:09 | Create | Villager (Male) |
| 24:25 | Build | Town Center |
| 24:42 | Build | Town Center |
| 24:58 | Create | Villager (Male) |
| 24:59 | Create | Villager (Male) |
| 24:59 | Create | Villager (Male) |
| 25:07 | Create | Knight ×4 |
| 25:19 | Build | Stable |
| 25:22 | Build | Stable |
| 25:32 | Build | House |
| 25:34 | Build | House |
| 25:36 | Build | House |
| 25:37 | Build | House |
| 25:43 | Create | Villager (Male) ×2 |
| 25:53 | Create | Villager (Male) |
| 25:53 | Create | Villager (Male) |
| 26:01 | Build | Farm |
| 26:08 | Create | Villager (Male) |
| 26:08 | Create | Villager (Male) |
| 26:26 | Create | Villager (Male) |
| 26:26 | Create | Villager (Male) |
| 26:40 | Create | Villager (Male) |
| 26:40 | Create | Villager (Male) |
| 26:57 | Build | Farm |
| 26:59 | Build | Farm |
| 27:00 | Build | Farm |
| 27:05 | Build | Farm |
| 27:08 | Build | Farm |
| 27:13 | Build | Farm |
| 27:29 | Build | House |
| 27:30 | Build | House |
| 27:31 | Build | House |
| 27:34 | Build | House |
| 27:34 | Build | House |
| 27:36 | Build | House |
| 27:37 | Build | House |
| 27:42 | Build | Farm |
| 27:51 | Build | Farm |
| 27:55 | Build | Farm |
Match timeline
| 9:47 | Ratchet08 · age_up feudal |
| 10:33 | thegladiator989 · age_up feudal |
| 11:00 | Ratchet08 · first_building Barracks |
| 12:09 | oskiura · age_up feudal |
| 12:32 | YourDuality2! · age_up feudal |
| 12:51 | Luxury¬°¬°¬° · age_up feudal |
| 12:53 | danielfns · age_up feudal |
| 13:32 | ayelenborre · age_up feudal |
| 14:07 | Ratchet08 · first_market_buy 100 food |
| 14:22 | thegladiator989 · age_up castle |
| 14:27 | thegladiator989 · first_building Monastery |
| 14:30 | YourDuality2! · first_market_sell 100 wood |
| 14:47 | Ratchet08 · first_market_sell 100 wood |
| 15:13 | Luxury¬°¬°¬° · first_building Barracks |
| 16:00 | danielfns · first_building Barracks |
| 16:01 | ayelenborre · first_building Barracks |
| 16:04 | oskiura · age_up castle |
| 16:17 | oskiura · first_building Monastery |
| 16:20 | ayelenborre · wall_segment Stone Wall x14 |
| 16:21 | Luxury¬°¬°¬° · age_up castle |
| 17:05 | oskiura · first_building Barracks |
| 17:12 | YourDuality2! · age_up castle |
| 17:28 | Ratchet08 · age_up castle |
| 17:56 | ayelenborre · first_building Stable |
| 18:15 | danielfns · age_up castle |
| 18:24 | Luxury¬°¬°¬° · first_building Archery Range |
| 18:25 | BALROG · age_up feudal |
| 18:25 | Ratchet08 · first_building Castle |
| 18:28 | ayelenborre · age_up castle |
| 18:40 | danielfns · first_building Monastery |
| 19:22 | Luxury¬°¬°¬° · first_building Monastery |
| 19:47 | ayelenborre · first_building Monastery |
| 20:33 | BALROG · wall_segment Stone Wall x35 |
| 21:54 | Ratchet08 · wall_segment Stone Wall x6 |
| 21:55 | YourDuality2! · first_building Castle |
| 22:03 | danielfns · first_building Siege Workshop |
| 22:05 | BALROG · age_up castle |
| 22:36 | BALROG · first_market_buy 100 wood |
| 22:57 | BALROG · first_building Monastery |
| 24:15 | BALROG · first_building Siege Workshop |
| 24:18 | danielfns · first_market_buy 100 food |
| 25:04 | oskiura · first_building Castle |
| 25:10 | Luxury¬°¬°¬° · first_market_sell 100 wood |
| 25:15 | Luxury¬°¬°¬° · first_market_buy 100 food |
| 26:00 | oskiura · first_building Stable |
| 26:26 | BALROG · wall_segment Stone Wall x8 |
| 26:58 | BALROG · age_up imperial |
| 27:30 | danielfns · age_up imperial |
| 27:31 | BALROG · first_market_sell 100 stone |
| 28:23 | danielfns · first_building Castle |
| 29:15 | danielfns · first_building Stable |
| 29:20 | thegladiator989 · first_building Castle |
| 29:21 | BALROG · first_building Barracks |
| 29:34 | oskiura · age_up imperial |
| 29:34 | Luxury¬°¬°¬° · first_building Castle |
| 29:41 | Ratchet08 · first_building Siege Workshop |
| 29:56 | Luxury¬°¬°¬° · age_up imperial |
| 30:37 | BALROG · first_building Archery Range |
| 30:52 | Ratchet08 · age_up imperial |
| 31:09 | ayelenborre · first_building Castle |
| 31:13 | oskiura · first_market_buy 100 food |
| 31:43 | thegladiator989 · age_up imperial |
| 32:45 | thegladiator989 · first_building Barracks |
| 33:13 | YourDuality2! · first_building Barracks |
| 33:31 | thegladiator989 · first_building Siege Workshop |
| 33:41 | ayelenborre · age_up imperial |
| 33:46 | YourDuality2! · wall_segment Stone Wall x11 |
| 34:12 | YourDuality2! · first_building Stable |
| 34:14 | YourDuality2! · age_up imperial |
| 34:39 | thegladiator989 · first_building Archery Range |
| 35:18 | thegladiator989 · first_building Stable |
| 36:11 | danielfns · first_market_sell 100 wood |
| 38:04 | BALROG · wall_segment Stone Wall x6 |
| 38:12 | BALROG · wall_segment Stone Wall x4 |
| 40:10 | BALROG · wall_segment Stone Wall x10 |
| 41:56 | danielfns · wall_segment Stone Wall x21 |
| 43:54 | oskiura · first_building Archery Range |
| 45:03 | ayelenborre · first_building Archery Range |
| 46:18 | Luxury¬°¬°¬° · tribute_sent a jugador 1 |
| 46:18 | Luxury¬°¬°¬° · tribute_sent a jugador 2 |
| 46:18 | Luxury¬°¬°¬° · tribute_sent a jugador 3 |
| 46:18 | Luxury¬°¬°¬° · tribute_sent a jugador 4 |
| 46:18 | Luxury¬°¬°¬° · tribute_sent a jugador 5 |
| 46:18 | Luxury¬°¬°¬° · tribute_sent a jugador 7 |
| 46:18 | Luxury¬°¬°¬° · tribute_sent a jugador 8 |
| 48:41 | YourDuality2! · tribute_sent a jugador 2 |
| 48:41 | YourDuality2! · tribute_sent a jugador 3 |
| 48:41 | YourDuality2! · tribute_sent a jugador 4 |
| 48:41 | YourDuality2! · tribute_sent a jugador 5 |
| 48:41 | YourDuality2! · tribute_sent a jugador 6 |
| 48:41 | YourDuality2! · tribute_sent a jugador 7 |
| 48:41 | YourDuality2! · tribute_sent a jugador 8 |
| 49:26 | danielfns · wall_segment Stone Wall x3 |
| 49:56 | YourDuality2! · wall_segment Stone Wall x19 |
| 50:01 | YourDuality2! · wall_segment Stone Wall x2 |
| 50:20 | BALROG · wall_segment Stone Wall x7 |
| 50:25 | Ratchet08 · first_building Stable |
| 50:31 | thegladiator989 · tribute_sent a jugador 1 |
| 50:31 | thegladiator989 · tribute_sent a jugador 2 |
| 50:31 | thegladiator989 · tribute_sent a jugador 4 |
| 50:31 | thegladiator989 · tribute_sent a jugador 5 |
| 50:31 | thegladiator989 · tribute_sent a jugador 6 |
| 50:31 | thegladiator989 · tribute_sent a jugador 7 |
| 50:31 | thegladiator989 · tribute_sent a jugador 8 |
| 50:57 | oskiura · wall_segment Stone Wall x46 |
| 51:22 | YourDuality2! · wall_segment Stone Wall x10 |
| 52:01 | danielfns · wall_segment Stone Wall x5 |
| 52:29 | ayelenborre · first_market_sell 500 wood |
| 52:31 | Luxury¬°¬°¬° · first_building Stable |
| 53:09 | Luxury¬°¬°¬° · tribute_sent a jugador 1 |
| 53:09 | Luxury¬°¬°¬° · tribute_sent a jugador 2 |
| 53:09 | Luxury¬°¬°¬° · tribute_sent a jugador 3 |
| 53:09 | Luxury¬°¬°¬° · tribute_sent a jugador 4 |
| 53:09 | Luxury¬°¬°¬° · tribute_sent a jugador 5 |
| 53:09 | Luxury¬°¬°¬° · tribute_sent a jugador 7 |
| 53:09 | Luxury¬°¬°¬° · tribute_sent a jugador 8 |
| 56:08 | oskiura · resign |
[ AI ANALYSIS · 1 CREDIT ]
What really happened in this match?
Wolo.gg analyzes every decision: build order, eco, micro, common mistakes by bracket. Personalized analysis on WhatsApp or Discord in 30 seconds.
Civ guide
Huns
Map guide
Arena
Perfil
Jugador #4193758